 Dungeon Crawl Stone Soup version 0.20.1-1-g8b1a95d (console) character file.

75 bolko the Skirmisher (level 4, -7/36 HPs)
             Began as a Demonspawn Abyssal Knight on Aug 29, 2017.
             Was a Follower of Lugonu.
             Mangled by Sigmund
             ... wielding a +0 scythe
              (10 damage)
             ... on level 4 of the Dungeon.
             The game lasted 00:02:10 (708 turns).

bolko the Skirmisher (Demonspawn Abyssal Knight)     Turns: 708, Time: 00:02:11

Health: -7/36      AC: 10    Str: 17    XL:     4   Next: 11%
Magic:  6/6        EV: 12    Int: 14    God:    Lugonu [*.....]
Gold:   67         SH:  0    Dex: 13    Spells: 3/3 levels left

rFire    . . .     SeeInvis .     - Unarmed
rCold    . . .     Gourm    .   (no shield)
rNeg     . . .     Faith    .   a - +0 leather armour
rPois    .         Spirit   .   (no helmet)
rElec    .         Reflect  .   h - +0 cloak
rCorr    .         Harm     .   (no gloves)
MR       .....                  (no boots)
Stlth    +.........             (no amulet)
Regen    0.2/turn               (no ring)
MPRegen  0.1/turn               (no ring)

@: mighty, sanguine armour
A: spiny 2, sanguine armour 1
a: Depart the Abyss, Renounce Religion


You were on level 4 of the Dungeon.
You worshipped Lugonu.
Lugonu was aware of your devotion.
You were not hungry.

You visited 1 branch of the dungeon, and saw 4 of its levels.
You visited the Abyss 1 time.

You collected 67 gold pieces.

Inventory:

Armour
 a - a +0 leather armour (worn)
 h - a +0 cloak (worn)
Scrolls
 d - a scroll of fear {unknown}
 e - a scroll of identify {unknown}
 f - a scroll of teleportation {unknown}
 i - a scroll of fog {unknown}
 l - a scroll of magic mapping {unknown}
Comestibles
 b - 3 bread rations
 c - a royal jelly
 g - a meat ration


   Skills:
 + Level 3.6 Fighting
 + Level 2.1 Armour
 + Level 1.5 Dodging
 + Level 2.8 Unarmed Combat
 + Level 2.7 Invocations


You had 3 spell levels left.
You didn't know any spells.

Dungeon Overview and Level Annotations

Branches:
Dungeon (4/15)
 Temple: D:4-7

Altars:
Uskayaw

Annotations:
D:4 Sigmund


Innate Abilities, Weirdness & Mutations

You are mostly covered in sharp spines.
When seriously injured, your bleeding wounds create armour. (AC +6)


Message History

You feel less confused.
You barely miss the iguana.
The iguana is almost dead.
The iguana is struck by your spines. The iguana bites you.
* * * LOW HITPOINT WARNING * * *
The goblin closely misses you.
You punch the iguana!
You kill the iguana!
Lugonu accepts your kill.
You have reached level 4!
You feel agile.
Your demonic ancestry asserts itself...
Sharp spines emerge from more of your body.
The goblin is struck by your spines. The goblin barely misses you.
The goblin closely misses you.
Unknown command.
You hit the goblin.
You kill the goblin!
Lugonu accepts your kill. Something hits you!
You die...

....... #. ...... #..
.##..#####+#..
<##..#.......#
..#..#.......#
..'..#.......#
####.#.......##+#####+##
...#'###.......g).......
...#...#.......†@.......
...#...#.....#########..
...#...#.....)........
.......#.....#.......#
###....#....)#.......#
.(#.##+#.....#.......#
.(#.........##≈≈..≈..#
###....[....##≈≈≈≈≈≈≈#
............##≈≈≈.≈≈≈#


You could see a goblin.

Vanquished Creatures
  An iguana (D:4)
  An adder (D:2)
  An ooze (D:1)
  A dart slug (D:1)
  An orc (D:3)
  A ball python (D:1)
  6 goblins
  5 hobgoblins
  3 jackals (D:1)
  4 bats
  2 frilled lizards
  2 kobolds (D:1)
  6 rats (D:1)
34 creatures vanquished.

Notes
Turn   | Place    | Note
-------+----------+-------------------------------------------
     0 | Abyss:1  | bolko the Demonspawn Abyssal Knight began the quest for the Orb.
     0 | Abyss:1  | Reached XP level 1. HP: 18/18 MP: 2/2
    36 | Abyss:2  | Noticed a starcursed mass
    51 | Abyss:2  | Noticed a thrashing horror
    51 | Abyss:2  | Noticed a thrashing horror
    51 | D:1      | Escaped the Abyss
   166 | D:1      | Gained mutation: When seriously injured, your bleeding wounds create armour. (AC +6) [demonic ancestry]
   166 | D:1      | Reached XP level 2. HP: 12/24 MP: 3/3
   179 | D:1      | Reached * piety under Lugonu
   422 | D:1      | Reached skill level 1 in Dodging
   501 | D:1      | Gained mutation: You are partially covered in sharp spines. [demonic ancestry]
   501 | D:1      | Reached XP level 3. HP: 11/29 MP: 5/5
   646 | D:4      | Noticed a dagger
   648 | D:4      | Found a hide-covered altar of Uskayaw.
   648 | D:4      | Noticed a dagger
   673 | D:4      | Noticed Sigmund
   707 | D:4      | Gained mutation: You are mostly covered in sharp spines. [demonic ancestry]
   707 | D:4      | Reached XP level 4. HP: 2/35 MP: 6/6
   708 | D:4      | Mangled by Sigmund

Skill      XL: |  1  2 |
---------------+-------+-----
Armour         | 2 |  2.1
Unarmed Combat | 2 |  2.8
Dodging        | 1 |  1.5
Fighting       | |  3.6
Invocations    | |  2.7

Action                   |  1- 3 |  4- 6 || total
-------------------------+-------+-------++-------
Melee: Unarmed           |   106 |     1 ||   107
       Punch             |     1 |       ||     1
Invok: Depart the Abyss  |     1 |       ||     1
  Use: Potion            |     2 |       ||     2
Armor: Leather armour    |    45 |       ||    45
Dodge: Dodged            |    62 |     2 ||    64
